 Dungeon Crawl Stone Soup version 0.21.1-1-g345015f (webtiles) character file.

199 letownia2 the Poker (level 5, 0/35 HPs)
             Began as a Merfolk Wizard on Mar 11, 2018.
             Slain by a gnoll
             ... wielding a +0 flail
              (9 damage)
             ... on level 4 of the Dungeon.
             The game lasted 00:08:09 (1300 turns).

letownia2 the Poker (Merfolk Wizard)                Turns: 1300, Time: 00:08:10

Health: 0/35       AC:  9    Str:  8    XL:     5   Next: 77%
Magic:  2/9        EV: 10    Int: 17    God:
Gold:   122        SH:  0    Dex: 13    Spells: 4/10 levels left

rFire    . . .     SeeInvis .   a - +0 spear
rCold    . . .     Gourm    .   (no shield)
rNeg     . . .     Faith    .   j - quicksilver dragon scales
rPois    .         Spirit   .   k - +0 hat
rElec    .         Reflect  .   (no cloak)
rCorr    .         Harm     .   (no gloves)
MR       +....                  (no boots)
Stlth    +.........             (no amulet)
HPRegen  0.11/turn              (no ring)
MPRegen  0.11/turn              (no ring)

@: very slightly contaminated
A: change form in water, swift swim, stealthy swim
a: no special abilities


You were on level 4 of the Dungeon.
You were not hungry.

You visited 1 branch of the dungeon, and saw 4 of its levels.

You collected 122 gold pieces.

Inventory:

Hand Weapons
 a - a +0 spear (weapon)
 b - the +5 short sword "Spiderbane" {freeze, *Corrode Str+9}
   (You found it on level 4 of the Dungeon)

   It has been specially enchanted to freeze those struck by it, causing extra
   injury to most foes and up to half again as much damage against particularly
   susceptible opponents.
   It can also slow down cold-blooded creatures.
   It affects your strength (+9).
   It may corrode you when you take damage.
 d - a +0 hunting sling
 g - a +0 trident
Missiles
 i - 15 sling bullets
 q - 8 curare-tipped needles
Armour
 h - a +0 robe
 j - quicksilver dragon scales (worn)
 k - a +0 hat (worn)
Scrolls
 e - 3 scrolls of identify {unknown}
 f - a scroll of enchant armour {unknown}
 m - 5 scrolls of remove curse {unknown}
 n - a scroll of random uselessness {unknown}
 o - a scroll of blinking {unknown}
Potions
 l - a potion of mutation {unknown}
Books
 c - a book of Minor Magic

   Spells                             Type                      Level
   a - Magic Dart                     Conjuration                  1
   b - Blink                          Translocation                2
   c - Call Imp                       Summoning                    2
   d - Slow                           Hexes                        2
   e - Conjure Flame                  Conjuration/Fire             3
   f - Mephitic Cloud                 Conjuration/Poison/Air       3
Comestibles
 p - 6 rations


   Skills:
 + Level 5.7 Polearms
 - Level 2.6 Dodging
 - Level 2.1 Stealth
 - Level 3.0 Spellcasting
 - Level 2.3 Conjurations
 - Level 2.1 Summonings
   Level 0.7 Translocations
 + Level 0.0 Air Magic
 + Level 0.1 Poison Magic


You had 4 spell levels left.
You knew the following spells:

 Your Spells              Type           Power        Failure   Level  Hunger
a - Magic Dart            Conj           ##..         21%         1    None
e - Mephitic Cloud        Conj/Pois/Air  #.......     75%         3    ###....
i - Call Imp              Summ           #.......     34%         2    ##.....


Dungeon Overview and Level Annotations

Branches:
Dungeon (4/15)
 Temple: D:4-7

Altars:

Shops:
D:4 [


Message History

Your crimson imp barely misses the gnoll.
The gnoll barely misses your crimson imp.
The gnoll hits your crimson imp with a whip.
Your crimson imp barely misses the gnoll.
Unknown command.
Casting: Call Imp
Confirm with . or Enter, or press ? or * to list all spells.
You miscast Call Imp.
You are very lightly contaminated with residual magic.
Nothing appears to happen.
Your crimson imp closely misses the gnoll.
The gnoll misses your crimson imp.
Your crimson imp hits the gnoll.
Unknown command.
Attack whom?
Press: ? - help, Dir - move target cursor, f - gnoll, p - gnoll
Aim: a gnoll, wielding a flail You barely miss the gnoll.
Your crimson imp disappears in a puff of smoke!
The gnoll hits you with a flail!
You die...

#...........
###........... #####..
...........#####.....#
...........#...#.....#
...........#...#.....#
..........g#...#.....#
.†.........#...#.....+
...........###'#.....#
.....#####...ggg@.#
.....#...#....§55.#
.....#...#........#
.....#...#........#
.....###'#........#
................###..##.
)...............#.......
................#.......
.............(..#.......


You could see 3 gnolls and 2 friendly crimson imps.

Vanquished Creatures
  A phantom (D:4)
  A worker ant (D:4)
  An adder (D:3)
  4 gnolls
  An adder skeleton (D:4)
  2 worms
  2 leopard geckos (D:4)
  3 bats
  2 goblins (D:2)
  5 hobgoblins
  9 jackals
  3 quokkas
  2 frilled lizards
  2 rats
38 creatures vanquished.

Vanquished Creatures (collateral kills)
  A worker ant (D:4)
  An adder (D:2)
  A jackal (D:4)
  A bat (D:2)
4 creatures vanquished.

Grand Total: 42 creatures vanquished

Notes
Turn   | Place    | Note
-------+----------+-------------------------------------------
     0 | D:1      | letownia2 the Merfolk Wizard began the quest for the Orb.
     0 | D:1      | Reached XP level 1. HP: 13/13 MP: 4/4
    17 | D:1      | Reached skill level 1 in Conjurations
   181 | D:2      | Reached XP level 2. HP: 7/19 MP: 4/6
   287 | D:2      | Learned a level 2 spell: Call Imp
   545 | D:3      | Reached XP level 3. HP: 21/24 MP: 3/7
   550 | D:3      | Learned a level 3 spell: Mephitic Cloud
   632 | D:3      | Reached skill level 1 in Polearms
   632 | D:3      | Reached XP level 4. HP: 26/30 MP: 5/8
   667 | D:2      | Reached skill level 2 in Polearms
   848 | D:4      | Reached skill level 3 in Polearms
   855 | D:4      | Noticed a phantom
   904 | D:4      | Killed a phantom
   904 | D:4      | Reached skill level 5 in Polearms
   904 | D:4      | Reached XP level 5. HP: 16/35 MP: 4/9
   923 | D:4      | Found Giguruar's Antique Armour Emporium.
  1144 | D:4      | Got an ichor-stained short sword
  1148 | D:4      | Identified the +5 short sword "Spiderbane" {freeze, *Corrode Str+9} (You found it on level 4 of the Dungeon)
  1300 | D:4      | Slain by a gnoll

Skill      XL: |  1  2  3  4 |
---------------+-------------+-----
Conjurations   | 1 2 |  2.3
Summonings     | 2 |  2.1
Polearms       | 1 5 |  5.7
Dodging        | |  2.6
Stealth        | |  2.1
Spellcasting   | |  3.0
Translocations | |  0.7
Poison Magic   | |  0.1

Action                   |  1- 3 |  4- 6 || total
-------------------------+-------+-------++-------
Melee: Unarmed           |    30 |       ||    30
       Spear             |     4 |   124 ||   128
 Fire: Hunting sling     |    34 |    14 ||    48
 Cast: Magic Dart        |    33 |    16 ||    49
       Call Imp          |     1 |    15 ||    16
 Stab: Sleeping          |     1 |     1 ||     2
  Eat: Chunk             |       |     2 ||     2
Armor: Robe              |     9 |       ||     9
       Quicksilver drago |    12 |    61 ||    73
Dodge: Dodged            |    54 |    74 ||   128
